 Dungeon Crawl Stone Soup version 0.16.1-30-g34a7ffa (webtiles) character file.

5931 hemol the Basher (level 10, 0/88 HPs)
             Began as a Minotaur Fighter on June 20, 2015.
             Was a Believer of the Shining One.
             Slain by Archidemonde's ghost (23 damage)
             ... on level 10 of the Dungeon.
             The game lasted 00:29:31 (8515 turns).

hemol the Basher (Minotaur Fighter)                 Turns: 8515, Time: 00:29:32

Health: 0/88       AC: 18    Str: 27    XL:     10   Next: 54%
Magic:  9/12       EV: 11    Int:  5    God:    the Shining One [**....]
Gold:   548        SH: 18    Dex: 17    Spells: 0 memorised, 9 levels left

rFire  . . .     SeeInvis .     L - +1 flail (crush)
rCold  + . .     Clarity  .     o - +0 plate armour
rNeg   + . .     SustAb   .     c - +0 shield
rPois  +         Gourm    .     g - +1 hat
rElec  .         Spirit   .     p - +0 cloak
rCorr  .         Warding  .     b - +0 pair of gloves
rMut   .         Stasis   .     (no boots)
MR     .....                    K - amulet of regeneration
Stlth  ..........               F - ring of poison resistance
                                M - ring of protection from cold

@: mighty, agile, divine shield, glowing, not resistant to hostile enchantments,
extremely unstealthy
A: retaliatory headbutt, horns 2
a: Divine Shield, Renounce Religion


You were on level 10 of the Dungeon.
You worshipped the Shining One.
The Shining One was pleased with you.
You were near starving.

You visited 1 branch of the dungeon, and saw 10 of its levels.

You collected 548 gold pieces.

Inventory:

Hand weapons
 C - a +1 flail of holy wrath
 L - a +1 flail of crushing (weapon)
Armour
 b - a +0 pair of gloves (worn)
 c - a +0 shield (worn)
 g - a +1 hat (worn)
 o - a +0 plate armour (worn)
 p - a +0 cloak (worn)
Jewellery
 F - a ring of poison resistance (right hand)
 G - an uncursed amulet of stasis
 K - an amulet of regeneration (around neck)
 M - a ring of protection from cold (left hand)
Magical devices
 B - a wand of magic darts (32)
 J - a wand of flame (9)
 N - a wand of disintegration (3)
Scrolls
 f - 4 scrolls of remove curse
 m - a scroll of teleportation {unknown}
 n - a scroll of random uselessness {unknown}
 t - 2 scrolls of fog {unknown}
 w - 3 scrolls of enchant weapon {unknown}
 x - 2 scrolls of immolation {unknown}
 y - 4 scrolls of noise {unknown}
 z - 2 scrolls of blinking {unknown}
 A - 2 scrolls of magic mapping {unknown}
 E - a scroll of amnesia {unknown}
Potions
 a - 2 potions of brilliance
 e - 2 potions of might
 h - a potion of magic
 k - a potion of degeneration
 q - 2 potions of mutation
 r - 3 potions of curing
 s - a potion of berserk rage
 u - 2 potions of agility
 D - a potion of restore abilities
 H - a potion of poison
 I - a potion of haste
Comestibles
 d - 7 bread rations
 i - 4 slices of pizza
 j - 5 meat rations
 l - 2 beef jerkies
 v - a royal jelly
 O - 4 fruits


   Skills:
 + Level 7.8 Fighting
 + Level 12.6 Maces & Flails
 + Level 10.8 Armour
 + Level 1.6 Dodging
 - Level 3.7 Shields
 - Level 5.1 Invocations


You had 9 spell levels left.
You didn't know any spells.

Dungeon Overview and Level Annotations

Branches:
Dungeon (10/15)            Temple (0/1) D:5            Lair (0/8) D:9
    Orc: D:9-12

Altars:
Ashenzari
Cheibriados
Dithmenos
Fedhas
Makhleb
Nemelex Xobeh
Zin
The Shining One

Annotations:
D:9 exclusion: oklob sapling
D:10 Archidemonde's ghost, experienced MiBe


Innate Abilities, Weirdness & Mutations

You reflexively headbutt those who attack you in melee.
You have a pair of horns on your head.


Message History

You hit the warg but do no damage. You headbutt the warg!
The warg is heavily wounded.
You block the orc's attack.
Your shield and plate armour prevent you from hitting the warg.
Your headbutt misses the warg.
The warg is heavily wounded.
The warg bites you. You block the warg's attack.
You hit the warg.
The warg is severely wounded.
The orc wizard points at you and mumbles some strange words.
The puff of flame hits you! The warg bites you.
* * * LOW HITPOINT WARNING * * *
Your shield and plate armour prevent you from hitting the warg.
Your headbutt misses the warg.
The warg is severely wounded.
You block the orc's attack.
You hit the warg.
The warg is almost dead.
You block the warg's attack. Archidemonde's ghost hits you!!
You die...

. .. .... W..... .oo.....
######o....... #.#
##.#...Z....[..
....######.....###...##[%
#....).........@WZ......
#.............oho..####
#######.####.######.....
..# ###.# ...# .##.
..###...##.### ..
..#...####.## .
............#
............##.
...............


You could see a warg, an orc wizard (invisible), Archidemonde's ghost, an orc
and a giant frog zombie.

Vanquished Creatures
  A hill giant (D:10)
  A fire drake (D:9)
  3 wandering mushrooms (D:9)
  4 slime creatures (D:9)
  2 wyverns (D:9)
  A hippogriff (D:9)
  2 hungry ghosts
  4 orc warriors
  2 ice beasts
  2 phantoms
  3 centaurs
  A crocodile (D:9)
  5 ogres
  Sigmund (D:4)
  2 big kobolds
  5 giant frogs
  2 goliath beetles
  3 orc priests
  4 jellies
  4 crimson imps
  3 iguanas
  4 hounds
  A quasit (D:5)
  7 worker ants
  5 orc wizards
  4 gnolls (D:3)
  A worker ant zombie (D:6)
  10 adders
  A giant mite (D:6)
  2 worms
  3 oozes
  31 orcs
  A bat zombie (D:5)
  4 giant cockroaches
  9 goblins
  18 hobgoblins
  10 jackals
  2 quokkas
  11 bats
  A giant cockroach zombie (D:6)
  4 giant geckos
  6 giant newts
  A jackal skeleton (D:7)
  27 kobolds
  A quokka zombie (D:6)
  19 rats
238 creatures vanquished.

Notes
Turn   | Place    | Note
--------------------------------------------------------------
     0 | D:1      | hemol, the Minotaur Fighter, began the quest for the Orb.
     0 | D:1      | Reached XP level 1. HP: 19/19 MP: 1/1
   188 | D:1      | Reached XP level 2. HP: 22/27 MP: 1/1
   305 | D:1      | Reached skill level 4 in Armour
   859 | D:2      | Reached XP level 3. HP: 33/33 MP: 2/2
  1094 | D:2      | Found a glowing golden altar of the Shining One.
  1124 | D:2      | Became a worshipper of the Shining One
  1434 | D:2      | Reached XP level 4. HP: 40/40 MP: 2/2
  1679 | D:3      | Reached skill level 5 in Armour
  1805 | D:3      | Reached XP level 5. HP: 46/46 MP: 2/2
  1848 | D:3      | Reached skill level 5 in Maces & Flails
  2468 | D:4      | Reached skill level 6 in Maces & Flails
  2468 | D:4      | Reached XP level 6. HP: 49/52 MP: 3/3
  2544 | D:4      | Noticed Sigmund
  2576 | D:4      | Killed Sigmund
  3010 | D:5      | Entered Level 5 of the Dungeon
  3097 | D:5      | Found a shadowy altar of Dithmenos.
  3324 | D:5      | Reached skill level 7 in Maces & Flails
  3439 | D:5      | Reached XP level 7. HP: 58/58 MP: 3/3
  3458 | D:5      | Acquired the Shining One's first power
  3554 | D:5      | Found a staircase to the Ecumenical Temple.
  3836 | D:6      | Got a dazzling hunting sling
  3837 | D:6      | Lost intelligence.
  3837 | D:6      | Identified the cursed -1 hunting sling of Conservatism {venom, +Blink rElec Int-5} (You found it on level 6 of the Dungeon)
  3994 | D:6      | Reached skill level 8 in Maces & Flails
  4053 | D:6      | Found a snail-covered altar of Cheibriados.
  4071 | D:6      | Found a burning altar of Makhleb.
  4427 | D:6      | Found a shattered altar of Ashenzari.
  4671 | D:6      | Reached skill level 9 in Maces & Flails
  5006 | D:7      | Reached XP level 8. HP: 64/66 MP: 3/3
  5100 | D:7      | Reached skill level 10 in Maces & Flails
  5543 | D:7      | Acquired the Shining One's second power
  5596 | D:7      | Reached skill level 11 in Maces & Flails
  6058 | D:8      | Reached skill level 1 in Invocations
  6058 | D:8      | Reached XP level 9. HP: 47/71 MP: 3/5
  6237 | D:8      | Found a blossoming altar of Fedhas.
  6741 | D:8      | Found a burning altar of Makhleb.
  6879 | D:8      | Reached skill level 5 in Fighting
  6892 | D:8      | Found a glowing silver altar of Zin.
  7157 | D:9      | Found a staircase to the Lair.
  7157 | D:9      | Noticed a fire drake
  7168 | D:9      | Killed a fire drake
  7208 | D:9      | Found a sparkling altar of Nemelex Xobeh.
  7305 | D:9      | Reached skill level 12 in Maces & Flails
  7305 | D:9      | Reached skill level 10 in Armour
  7306 | D:9      | HP: 2/75 [slime creature (12)]
  7441 | D:9      | Reached XP level 10. HP: 60/84 MP: 8/11
  7519 | D:9      | Found a blossoming altar of Fedhas.
  8203 | D:9      | Reached skill level 5 in Invocations
  8463 | D:10     | Entered Level 10 of the Dungeon
  8495 | D:10     | Noticed Archidemonde's ghost (experienced MiBe)
  8496 | D:10     | Noticed a hill giant
  8506 | D:10     | Killed a hill giant
  8506 | D:10     | Reached skill level 1 in Dodging
  8515 | D:10     | Slain by Archidemonde's ghost

Action                   |  1- 3 |  4- 6 |  7- 9 | 10-12 || total
-------------------------+-------+-------+-------+-------++-------
Melee: Flail             |    95 |   244 |   343 |    94 ||   776
Invok: Divine Shield     |       |       |     2 |     1 ||     3
  Use: Scroll            |       |     9 |     4 |       ||    13
       Potion            |       |       |       |     2 ||     2
  Eat: Chunk             |     1 |     7 |    15 |     4 ||    27
